 Dungeon Crawl Stone Soup version 0.23.1 (webtiles) character file.

Game seed: 18096260192773111944

212 Borgoz the Skirmisher (level 5, -11/46 HPs)
             Began as a Ghoul Monk on Mar 17, 2019.
             Killed by divine providence
             ... invoked by an orc priest
              (12 damage)
             ... on level 4 of the Dungeon.
             The game lasted 00:06:13 (3275 turns).

Borgoz the Skirmisher (Ghoul Monk)                  Turns: 3275, Time: 00:06:15

Health: -11/46     AC: 14    Str: 15    XL:     5   Next: 89%
Magic:  13/13      EV: 10    Int:  5    God:
Gold:   129        SH:  0    Dex: 12    Spells: 4/4 levels left

rFire    x . .     SeeInvis .   p - +0 dagger (protect)
rCold    + + .     Gourm    .   (no shield)
rNeg     + + +     Faith    .   l - +0 scale mail
rPois    ∞         Spirit   .   (no helmet)
rElec    .         Reflect  .   (no cloak)
rCorr    .         Harm     .   g - +0 pair of gloves
MR       .....                  (no boots)
Stlth    +.........             (no amulet)
HPRegen  0.00/turn              e - ring of magical power
MPRegen  0.13/turn              m - ring of ice

@: protection aura, rotting
A: rotting body, claws 1, carnivore, cold resistance 1, negative energy
resistance 3, inhibited regeneration, torment resistance, unbreathing
a: no special abilities


You were on level 4 of the Dungeon.
You were not hungry.

You visited 1 branch of the dungeon, and saw 4 of its levels.

You collected 129 gold pieces.

Inventory:

Hand Weapons
 p - a +0 dagger of protection (weapon)
Missiles
 d - a throwing net (quivered)
 i - a tomahawk
Armour
 g - a +0 pair of gloves (worn)
 l - a +0 scale mail (worn)
Jewellery
 e - a ring of magical power (left hand)
 m - a ring of ice (right hand)
Scrolls
 a - a scroll of blinking {unknown}
 b - a scroll of teleportation {unknown}
 f - 2 scrolls of enchant armour {unknown}
 h - 2 scrolls of identify {unknown}
 k - 4 scrolls of amnesia {unknown}
 o - a scroll of remove curse {unknown}
 q - a scroll of fear {unknown}
Comestibles
 c - 2 rations


   Skills:
 + Level 3.8 Fighting
 * Level 3.6 Short Blades
 * Level 2.1 Armour
 * Level 3.5 Dodging
 * Level 3.8 Stealth


You had 4 spell levels left.
You didn't know any spells.
Your spell library was empty.

Dungeon Overview and Level Annotations

Branches:
Dungeon (4/15)
 Temple: D:4-7

Altars:
Ru
Vehumet


Innate Abilities, Weirdness & Mutations

Your body is rotting away.
You thrive on raw meat.
You are immune to poison.
You have sharp fingernails.
You are carnivorous and can eat meat at any time.
Your flesh is cold resistant. (rC+)
You are immune to negative energy. (rN+++)
You do not regenerate when monsters are visible.
You are immune to unholy pain and torment.
You can survive without breathing.


Message History

The worker ant is lightly wounded.
The worker ant bites you.
* * * LOW HITPOINT WARNING * * *
You hit the worker ant but do no damage.
The worker ant is lightly wounded.
The worker ant bites you but does no damage.
You aren't carrying any potions.
Okay, then.
What are your orders? t - Shout!
Orders for allies: a - Attack new target. r - Retreat! s - Stop attacking. g - Guard the area. f - Follow me.
Anything else - Cancel.
Okay, then.
You hit the worker ant but do no damage.
The worker ant is lightly wounded.
The orc priest calls down the wrath of Beogh upon you.
Beogh smites you!
You die...

#####......#..
#....!......#
#...........#
#)..........#
#...........#
##<....#
#.o....#
##a##......
#@# ##.##
#....# #
####.# #


You could see a worker ant and an orc priest.

Vanquished Creatures
  An orc wizard (D:3)
  A centaur skeleton (D:4)
  4 gnolls (D:2)
  2 adders (D:2)
  3 worms (D:2)
  3 dart slugs
  4 leopard geckos
  7 orcs
  A ball python (D:1)
  6 bats
  3 giant cockroaches
  6 goblins
  13 hobgoblins
  A quokka (D:3)
  A ball python zombie (D:2)
  5 frilled lizards
  4 kobolds
  7 rats
72 creatures vanquished.

Notes
Turn   | Place    | Note
-------+----------+-------------------------------------------
     0 | D:1      | Borgoz the Ghoul Monk began the quest for the Orb.
     0 | D:1      | Reached XP level 1. HP: 19/19 MP: 0/0
    58 | D:1      | Reached XP level 2. HP: 26/26 MP: 1/1
   396 | D:2      | Found a transporter.
   424 | D:2      | Reached XP level 3. HP: 25/31 MP: 2/2
   483 | D:2      | Reached skill level 1 in Armour
   715 | D:2      | Found a radiant altar of Vehumet.
   862 | D:2      | Reached XP level 4. HP: 19/38 MP: 3/3
  1059 | D:2      | Found a sacrificial altar of Ru.
  1202 | D:2      | Found a transporter.
  2275 | D:3      | Reached XP level 5. HP: 41/45 MP: 4/4
  3273 | D:4      | HP: 1/46 [worker ant (4)]
  3275 | D:4      | Killed from afar by an orc priest

Skill      XL: |  1  2  3  4  5 |
---------------+----------------+-----
Short Blades   | 3 |  3.6
Armour         | 1 2 |  2.1
Dodging        | 3 |  3.5
Stealth        | 3 |  3.8
Fighting       | |  3.8

Action                   |  1- 3 |  4- 6 || total
-------------------------+-------+-------++-------
Melee: Short sword       |   134 |    11 ||   145
       Dagger            |       |   302 ||   302
Throw: Throwing net      |       |     2 ||     2
  Use: Potion            |     2 |     7 ||     9
 Stab: Sleeping          |     2 |     3 ||     5
       Distracted        |       |     1 ||     1
  Eat: Chunk             |    13 |    15 ||    28
Armor: Robe              |    17 |    75 ||    92
       Scale mail        |       |    27 ||    27
Dodge: Dodged            |    80 |   200 ||   280
